 Dungeon Crawl Stone Soup version 0.30-a0-800-g7c544603b3 (webtiles) character file.

Game seed: 18310972578093491955

464 dialectric the Covert (level 7, -5/45 HPs)
             Began as an Octopode Brigand on Feb 22, 2023.
             Slain by an ogre
             ... wielding a +0 giant club
              (33 damage)
             ... on level 5 of the Dungeon.
             The game lasted 00:05:03 (2700 turns).

dialectric the Covert (Octopode Brigand)            Turns: 2700, Time: 00:05:04

Health: -5/45      AC:  1    Str: 10    XL:     7   Next: 8%
Magic:  7/7        EV: 13    Int: 17    God:
Gold:   260        SH:  0    Dex: 14    Spells: 6/6 levels left

rFire   . . .      SeeInvis .    x - +0 dagger (venom)
rCold   . . .      Faith    .    (no shield)
rNeg    . . .      Spirit   .    (helmet restricted)
rPois   .          Reflect  .    l - amulet of regeneration
rElec   .          Harm     .    (no ring)
rCorr   .          Rampage  .    (no ring)
Will    .....                    (no ring)
Stlth   +++++                    (no ring)
HPRegen 1.07/turn                (no ring)
MPRegen 0.10/turn                (no ring)
                                 (no ring)
                                 (no ring)

@: no status effects
A: almost no armour, amphibious, 8 rings, camouflage 1, gelatinous body 1,
(nimble swimmer 1), tentacles, clever 1
a: no special abilities


You were on level 5 of the Dungeon.
You visited 1 branch of the dungeon, and saw 5 of its levels.

You collected 260 gold pieces.

Inventory:

Hand Weapons
 a - a +2 dagger
 s - a +0 rapier
 x - a +0 dagger of venom (weapon)
Missiles
 b - 9 poisoned darts
 c - 2 curare-tipped darts (quivered)
Armour
 n - an orb of guile
Jewellery
 l - an amulet of regeneration (around mantle)
Scrolls
 d - 5 scrolls of identify
 e - a scroll of magic mapping
 f - a scroll of summoning
 g - 2 scrolls of silence {unknown}
 h - 2 scrolls of poison {unknown}
 i - 6 scrolls of teleportation {unknown}
 k - a scroll of immolation {unknown}
 q - a scroll of blinking {unknown}
 t - a scroll of fear {unknown}
 u - a scroll of enchant weapon {unknown}
 v - a scroll of brand weapon {unknown}
Potions
 j - 2 potions of heal wounds {unknown}
 m - a potion of might {unknown}
 o - a potion of mutation
 p - 2 potions of lignification
 r - a potion of berserk rage {unknown}
 w - 2 potions of curing {unknown}
 z - a potion of resistance {unknown}
 A - a potion of cancellation {unknown}


   Skills:
 * Level 2.7 Fighting
 + Level 3.0 Short Blades
 - Level 2.0 Throwing
 * Level 2.0 Dodging
 - Level 10.3 Stealth


You had 6 spell levels left.
You didn't know any spells.
Your spell library was empty.

Dungeon Overview and Level Annotations

Branches:
Dungeon (5/15)
 Temple: D:4-7

Altars:
Hepliaklqana
Makhleb

Annotations:
D:3 2 runed translucent doors, cforsyth's ghost, amateur KoGl


Innate Abilities, Weirdness & Mutations

You cannot wear most types of armour.
You are amphibious.
You can wear up to eight rings at the same time.
Your skin changes colour to match your surroundings (Stealth+).
Your rubbery body absorbs attacks. (AC +1, EV +1)
((You are camouflaged when in or above water. (Stealth+)))
You have tentacles for arms and can constrict up to eight enemies at once.
Your mind is acute. (Int +4, Str/Dex -1)


Message History

No target in view!
Done exploring.
(D) Dungeon
Where to? (Enter - D:3, ? - help)
What level of the Dungeon? (default 1, ? - help)
You see here 9 stones.
Cforsyth's ghost turns its malevolent gaze towards you.
The bullfrog croaks.
The ball python hisses angrily.
There is a stone staircase leading up here.
You climb upwards.
There is a stone staircase leading down here.
Unknown command.
Done exploring.
No target in view!
Done exploring.
Done exploring.
(D) Dungeon
Where to? (Enter - D:2, ? - help)
What level of the Dungeon? (default 1, ? - help)
There is a stone staircase leading down here.
You climb downwards.
Level annotation: 2 runed translucent doors, cforsyth's ghost, amateur KoGl
There is a stone staircase leading up here.
There is an escape hatch in the floor here.
You slide downwards.
The hatch slams shut behind you.
Key pressed, stopping travel.
Unknown command.
Your library has no spells.
There is a stone staircase leading down here.
You climb downwards.
There is a stone staircase leading up here.
Unknown command.
An ogre is nearby!
An ogre is nearby!
The ogre hits you with a +0 giant club!!
A hound comes into view.
You closely miss the ogre.
The ogre hits you with a +0 giant club!!
Ouch! That really hurt!
You die...

..#[...... .....# ...
.....##.. ..?..#
#.....#........##...?#
......#........./....#
........:... ........#
.....#.....# #......#
.....#..##.####.....#
............#....<.##
#.....##......@...#
#.....>......O#.......
....##.).......##.##...#
# ............<.####...#
........##.##...........
.........##..##.........#
...##.##.##........####..
...... .......#....#
...... ..(#..###...#


You could see an ogre.

Vanquished Creatures
  An ice beast (D:4)
  An ogre (D:3)
  A phantom (D:4)
  An orc wizard (D:4)
  3 gnolls
  8 adders
  2 worms
  10 orcs
  8 endoplasms
  3 giant cockroaches
  6 goblins
  10 hobgoblins
  2 quokkas (D:2)
  8 ball pythons
  3 bats
  A frilled lizard (D:1)
  4 kobolds
  7 rats
  A spectral goblin (D:3)
80 creatures vanquished.

Notes
Turn   | Place    | Note
-------+----------+-------------------------------------------
     0 | D:1      | dialectric the Octopode Brigand began the quest for the
                  | Orb.
     0 | D:1      | Reached XP level 1. HP: 14/14 MP: 1/1
   169 | D:1      | Reached XP level 2. HP: 18/19 MP: 2/2
   246 | D:1      | Reached skill level 6 in Stealth
   583 | D:2      | Reached XP level 3. HP: 18/24 MP: 3/3
   790 | D:2      | Reached skill level 7 in Stealth
   806 | D:2      | Reached XP level 4. HP: 29/29 MP: 4/4
   859 | D:2      | Found a faded altar of an unknown god.
  1308 | D:3      | Noticed an ogre
  1319 | D:3      | Killed an ogre
  1320 | D:3      | Reached skill level 8 in Stealth
  1320 | D:3      | Reached XP level 5. HP: 35/35 MP: 5/5
  1336 | D:3      | Found a burning altar of Makhleb.
  1384 | D:3      | Found a hazy altar of Hepliaklqana.
  1457 | D:4      | Noticed a phantom
  1491 | D:4      | Reached skill level 9 in Stealth
  1497 | D:4      | Reached XP level 6. HP: 41/41 MP: 6/6
  1916 | D:4      | Noticed an ice beast
  1919 | D:4      | Killed an ice beast
  1920 | D:4      | Reached skill level 10 in Stealth
  2166 | D:5      | Entered Level 5 of the Dungeon
  2211 | D:4      | Reached XP level 7. HP: 33/45 MP: 7/7
  2314 | D:3      | Found a runed translucent door.
  2323 | D:3      | Noticed cforsyth's ghost (amateur KoGl)
  2459 | D:3      | Found a runed translucent door.
  2505 | D:3      | Gained mutation: Your mind is acute. (Int +4, Str/Dex -1)
                  | [potion of mutation]
  2700 | D:5      | Slain by an ogre

Illustrated notes

Levels and vault maps discovered:
D:1:      mrwooster_arrival_arrow, layout_basic,
          nicolae_concentric_dashed_squares_mild, minmay_octomino_c4
D:2:      layout_loops_ring, nicolae_ecumenical_snake_handling,
          serial_bayou_ford_a
D:3:      layout_rooms, nicolae_hepliaklqana_monster_ancestors,
          marbit_many_paths, ebering_ghost_sewer_f, minmay_misc_feat_tiny,
          nicolae_underground_beach
D:4:      layout_loops_ring
D:5:      layout_cave_pools, nicolae_overflow_hidden_temple, dk_noncrumbling_4

Skill      XL: |  1  2  3  4  5  6  7 |
---------------+----------------------+-----
Stealth        | 6 7 8 9 10 | 10.3
Short Blades   | 3 |  3.0
Dodging        | 2 |  2.0
Fighting       | |  2.7
Throwing       | |  2.0

Action                     |  1- 3 |  4- 6 |  7- 9 || total
---------------------------+-------+-------+-------++-------
  Melee: Dagger            |    55 |    80 |    19 ||   154
         Tentacles         |    11 |    12 |     4 ||    27
         Constrict         |     9 |    10 |     6 ||    25
         Punch             |     1 |       |     1 ||     2
  Throw: Dart              |       |     4 |       ||     4
    Use: Potion            |     1 |     1 |     1 ||     3
         Scroll            |       |     2 |     1 ||     3
   Stab: Sleeping          |     6 |    20 |     3 ||    29
         Distracted        |       |       |     1 ||     1
 Armour: Skin              |     3 |    12 |     3 ||    18
  Dodge: Dodged            |    25 |    28 |     7 ||    60

Table legend: (Time is in decaauts)
 A = Elapsed time spent in this place.
 B = Non-inter-level travel time spent in this place.
 C = Inter-level travel time spent in this place.
 D = Time resting spent in this place.
 E = Time spent auto-exploring this place.
 F = Levels seen in this place.
 G = Mean time per level.
                   A        B        C        D        E       F      G
               +--------+--------+--------+--------+--------+-----+--------+
         Total |   2664 |   2481 |    183 |    127 |   1694 |   5 |  532.8 |
       Dungeon |   2664 |   2481 |    183 |    127 |   1694 |   5 |  532.8 |
               +--------+--------+--------+--------+--------+-----+--------+

Top non-repeatable levels by time:
     D:4: 808 daAuts
     D:2: 730 daAuts
     D:3: 574 daAuts
     D:1: 516 daAuts
     D:5: 34 daAuts
